 Dungeon Crawl Stone Soup version 0.31.0-9-g3a7656b989 (webtiles) character file.

Game seed: 8384276739731419061

11660 MrIGI the Grappler (level 11, 0/101 HPs)
             Began as a Troll Fighter on Feb 2, 2024.
             Was an Elder of Wu Jian.
             Succumbed to their own poison gas
             ... on level 11 of the Dungeon.
             The game lasted 00:32:40 (9803 turns).

MrIGI the Grappler (Troll Fighter)                  Turns: 9803, Time: 00:32:40

Health: 0/101      AC:  4    Str: 36    XL:     11   Next: 52%
Magic:  10/10      EV: 10    Int:  4    God:    Wu Jian [****..]
Gold:   506        SH: 14    Dex:  9    Spells: 10/10 levels left

rFire   + .          .
                       - Unarmed
rCold   . . .        b - +0 kite shield
rNeg    . . .        a - +0 robe
rPois   .            (helmet restricted)
rElec   .            (no cloak)
rCorr   .            (gloves unavailable)
SInv    .            (boots unavailable)
Will    .....        e - amulet of reflection
Stlth   +            M - +6 ring of strength
HPRegen 1.16/turn    t - ring of protection from fire
MPRegen 0.12/turn

%: reflection
@: lethally poisoned (0 -> -10), about to teleport
A: large, unfitting armour, claws 3, regeneration 1, shaggy fur 1, tough skin 1
a: Renounce Religion, Wall Jump, Serpent's Lash


You were on level 11 of the Dungeon.
You worshipped Wu Jian.
Wu Jian was greatly pleased with you.
You visited 3 branches of the dungeon, and saw 14 of its levels.
You also visited: Ossuary.

You collected 1257 gold pieces.
You spent 751 gold pieces at shops.

Inventory:

Hand Weapons
 L - a +0 orcbow
Armour
 a - a +0 robe (worn)
 b - a +0 kite shield (worn)
Jewellery
 e - an amulet of reflection (around neck)
 o - a ring of protection from cold
 t - a ring of protection from fire (right claw)
 J - an amulet of magic regeneration
 M - a +6 ring of strength (left claw)
Talismans
 G - a flux talisman
Wands
 p - a wand of mindburst (8)
 s - a wand of light (10)
 u - a wand of iceblast (8)
 B - a wand of polymorph (8)
Scrolls
 d - 3 scrolls of amnesia
 f - a scroll of enchant armour {unknown}
 g - 4 scrolls of immolation
 l - 2 scrolls of noise {unknown}
 n - a scroll of vulnerability {unknown}
 r - 2 scrolls of teleportation
 v - a scroll of revelation {unknown}
 x - 3 scrolls of brand weapon
 y - 2 scrolls of fear {unknown}
 E - a scroll of torment {unknown}
 N - a scroll of blinking
 O - a scroll of identify
Potions
 c - 2 potions of might
 h - a potion of magic {unknown}
 i - 2 potions of heal wounds {unknown}
 j - a potion of ambrosia {unknown}
 k - 2 potions of cancellation {unknown}
 m - a potion of degeneration {unknown}
 w - 3 potions of lignification
 z - 2 potions of haste
 A - 2 potions of attraction {unknown}
 C - 3 potions of curing
 D - a potion of mutation {unknown}
 F - a potion of enlightenment {unknown}
 H - a potion of berserk rage {unknown}
 I - a potion of invisibility {unknown}
Miscellaneous
 K - a tin of tremorstones (2/2)


   Skills:
 + Level 4.8 Fighting
 + Level 6.9 Dodging
 + Level 7.6 Shields
 * Level 13.5 Unarmed Combat
 * Level 2.9 Evocations


You had 10 spell levels left.
You didn't know any spells.
Your spell library contained the following spells:

 Spells                   Type           Power      Damage    Failure   Level
 Magic Dart               Conj           0%         1d3       65%         1
 Sandblast                Erth           0%         2d4       65%         1
 Summon Small Mammal      Summ           0%         N/A       65%         1
 Ensorcelled Hibernation  Hex/Ice        0%         N/A       80%         2
 Momentum Strike          Conj/Tloc      0%         3d8       80%         2
 Searing Ray              Conj           0%         2d4       80%         2
 Call Canine Familiar     Summ           0%         N/A       95%         3
 Fugue of the Fallen      Necr           0%         N/A       95%         3
 Gell's Gravitas          Tloc           0%         N/A       95%         3
 Passwall                 Erth           0%         N/A       95%         3
 Stone Arrow              Conj/Erth      0%         3d7       95%         3
 Anguish                  Hex/Necr       0%         N/A       100%        4
 Brom's Barrelling Bould  Conj/Erth      0%         2d3       100%        4
 Fulminant Prism          Conj/Alch      0%         3d5       100%        4
 Ignite Poison            Fire/Alch      0%         N/A       100%        4
 Sticky Flame             Fire/Alch      0%         2d4       100%        4
 Summon Blazeheart Golem  Fire/Summ      0%         N/A       100%        4
 Sculpt Simulacrum        Ice/Alch       0%         N/A       100%        6
 Malign Gateway           Summ/Tloc      0%         N/A       100%        7
 Ozocubu's Refrigeration  Ice            0%         4d7       100%        7
 Disjunction              Tloc           0%         N/A       100%        8
 Ignition                 Fire           0%         3d3       100%        8
 Polar Vortex             Ice            0%         N/A       100%        9


Dungeon Overview and Level Annotations

Branches:
Dungeon (11/15)            Temple (1/1) D:4            Lair (0/5) D:10
    Orc (2/2) D:9         Ossuary (visited)
    Elf: Orc:2

Altars:
Ashenzari
Cheibriados
Dithmenos
Elyvilon
Fedhas
Gozag
Hepliaklqana
Kikubaaqudgha
Makhleb
Nemelex Xobeh
Okawaru
Qazlal
Ru
Sif Muna
Trog
Uskayaw
Vehumet
Wu Jian
Xom
Yredelemnul
Zin
The Shining One

Shops:
D:10 ?   Orc:2 *?

Annotations:
D:8 Maggie
D:11 Fannar, Maurice


Innate Abilities, Weirdness & Mutations

You are too large for most types of armour.
You have claws for hands.
Your natural rate of healing is unusually fast.
You are covered in fur. (AC +1)
You have tough skin. (AC +1)


Message History

You barely miss the two-headed ogre.
The two-headed ogre is almost dead.
Fannar the Cold-Hearted comes into view.
They are wielding a staff of cold and wearing a +2 robe of cold resistance.
You closely miss the two-headed ogre.
The two-headed ogre is almost dead.
You feel less exhausted.
You block the two-headed ogre's attack. x2
You claw the two-headed ogre!
You kill the two-headed ogre!
The Council accepts your kill.
You hear a zap.
A bolt of light appears from out of thin air!
The bolt of light hits you!
You are confused.
You bump into the rock wall.
You bump into the rock wall.
You feel less confused.
You hear some strange, mumbled words.
You hear a zap.
A bolt of light appears from out of thin air!
The bolt of light hits you!
Fannar gestures wildly while chanting.
Fannar drains the heat from the surrounding environment!
* * * LOW HITPOINT WARNING * * *
The air fills with toxic fumes!
As you read the scroll labelled WOEFRUITAS, it crumbles to dust.
It was a scroll of poison.
As you read the scroll of teleportation, it crumbles to dust.
You feel strangely unstable.
Okay, then.
Something picks up 2 throwing nets.
Okay, then.
You hear a zap.
A bolt of light appears from out of thin air!
The bolt of light hits you!!
* * * LOW HITPOINT WARNING * * *
You are engulfed in poison gas.
You are poisoned.
* * * LOW HITPOINT WARNING * * *
You die...

. #.# #.#.## ....# #..#####
####......###
#§§§§##..§§.#####
####§§§§{##§##§§§..###### #
?.§§§§§§§.@§§§§§§.......###
###§§##e#####§§####....(...
# #)# ##.# #...##..#. #.#
.......####... ...
###...#.. ###. .e. ###.###
#. ..... #.# #. ..... # #
#. ...>... #.


You could see Fannar.

Vanquished Creatures
  Harold (D:11)
  2 two-headed ogres
  An orc knight (Orc:2)
  A kobold blastminer (Orc:2)
  An orange demon (Orc:2)
  Jeremiah (D:9)
  3 trolls
  Sigmund (D:2)
  4 yaks
  4 wyverns
  A steam dragon (D:9)
  6 vampire mosquitoes
  4 water moccasins
  17 orc warriors
  2 black bears
  An ice beast (D:5)
  A sky beast (D:7)
  7 ogres
  2 centaurs
  2 phantoms
  A kobold brigand (D:9)
  4 elf zombies (Ossuary)
  4 bullfrogs (D:7)
  5 scorpions
  4 centaur zombies (Ossuary)
  A human zombie (Ossuary)
  4 hounds
  A jelly (D:4)
  2 bombardier beetles
  17 orc priests
  A sleepcap (D:3)
  Terence (D:2)
  2 iguanas
  10 orc wizards
  7 hound zombies (Ossuary)
  2 mummies (Ossuary)
  8 adders
  2 shadow imps (D:6)
  A white imp (D:7)
  5 adder zombies (Ossuary)
  6 dart slugs
  2 ribbon worms
  45 orcs
  12 bats
  7 endoplasms
  4 giant cockroaches
  9 goblins
  7 hobgoblins
  10 kobolds
  3 quokkas
  9 ball pythons
  3 frilled lizards (D:1)
  6 gnoll zombies (Ossuary)
  3 jackal zombies (Ossuary)
  2 kobold zombies (Ossuary)
  4 orc zombies (Ossuary)
  8 rats
284 creatures vanquished.

Vanquished Creatures (others)
  A ball python (D:4)
1 creature vanquished.

Grand Total: 285 creatures vanquished

Notes
Turn   | Place    | Note
-------+----------+-------------------------------------------
     0 | D:1      | MrIGI the Troll Fighter began the quest for the Orb.
     0 | D:1      | Reached XP level 1. HP: 22/22 MP: 0/0
    48 | D:1      | Reached XP level 2. HP: 28/29 MP: 1/1
   243 | D:1      | Reached XP level 3. HP: 36/36 MP: 2/2
   449 | D:2      | Noticed Sigmund
   455 | D:2      | Killed Sigmund
   456 | D:2      | Reached skill level 3 in Unarmed Combat
   456 | D:2      | Reached XP level 4. HP: 45/45 MP: 3/3
   456 | D:2      | Reached XP level 5. HP: 53/53 MP: 4/4
   582 | D:2      | Reached skill level 4 in Unarmed Combat
   712 | D:2      | Noticed Terence
   718 | D:2      | Killed Terence
   802 | D:2      | Got Kiakhlo's Reference Book on Locality
  1100 | D:3      | Reached XP level 6. HP: 54/61 MP: 5/5
  1710 | D:4      | Reached skill level 5 in Unarmed Combat
  1777 | D:5      | Entered Level 5 of the Dungeon
  1792 | D:5      | Noticed an ice beast
  1793 | D:5      | Found an opulent altar of Gozag.
  1800 | D:5      | Reached XP level 7. HP: 54/67 MP: 6/6
  1801 | D:5      | Found an opulent altar of Gozag.
  1867 | D:5      | Identified the +1 leather armour "Juloqac" {Will++}
  1869 | D:5      | Found a glowing golden altar of the Shining One.
  1870 | D:5      | Found a glowing silver altar of Zin.
  1871 | D:5      | Found a white marble altar of Elyvilon.
  1943 | D:5      | Reached skill level 6 in Unarmed Combat
  1965 | D:5      | Found an opulent altar of Gozag.
  1972 | D:5      | Found an opulent altar of Gozag.
  2059 | D:4      | Found a hide-covered altar of Uskayaw.
  2083 | D:4      | Found a staircase to the Ecumenical Temple.
  2090 | Temple   | Entered the Ecumenical Temple
  2123 | Temple   | Became a worshipper of the Wu Jian Council
  2230 | D:4      | Found a sand-covered staircase.
  2236 | Ossuary  | Entered an ossuary
  2383 | Ossuary  | Reached XP level 8. HP: 73/75 MP: 7/7
  2404 | Ossuary  | Reached * piety under Wu Jian
  2419 | Ossuary  | Reached skill level 7 in Unarmed Combat
  2548 | Ossuary  | Reached skill level 5 in Dodging
  2788 | D:4      | Found a radiant altar of Vehumet.
  2795 | D:4      | Reached skill level 5 in Shields
  2835 | D:4      | Found a sparkling altar of Nemelex Xobeh.
  3238 | D:4      | Found a hazy altar of Hepliaklqana.
  3446 | D:6      | Reached ** piety under Wu Jian
  3447 | D:6      | Reached skill level 8 in Unarmed Combat
  3717 | D:6      | Reached XP level 9. HP: 84/84 MP: 8/8
  4244 | D:7      | Reached skill level 9 in Unarmed Combat
  5156 | D:8      | Noticed Maggie
  5197 | D:8      | Noticed a troll
  5204 | D:7      | Killed a troll
  5351 | D:9      | Noticed Jeremiah
  5404 | D:9      | Killed Jeremiah
  5405 | D:9      | Reached skill level 10 in Unarmed Combat
  5531 | D:9      | Noticed a troll
  5567 | D:9      | Killed a troll
  5682 | D:9      | Found a staircase to the Orcish Mines.
  5895 | D:9      | Reached XP level 10. HP: 72/92 MP: 9/9
  6233 | D:9      | Reached *** piety under Wu Jian
  6240 | D:9      | Found an ancient bone altar of Kikubaaqudgha.
  6336 | D:10     | Entered Level 10 of the Dungeon
  6336 | D:10     | Noticed a two-headed ogre
  6370 | D:10     | Found Irum's Magic Scroll Shop.
  7025 | Orc:1    | Entered Level 1 of the Orcish Mines
  7120 | D:9      | Reached skill level 11 in Unarmed Combat
  7538 | Orc:2    | Entered Level 2 of the Orcish Mines
  7540 | Orc:2    | Reached skill level 1 in Evocations
  7852 | Orc:2    | Noticed a kobold blastminer
  7868 | Orc:2    | Killed a kobold blastminer
  8110 | Orc:2    | Noticed an orange demon
  8121 | Orc:2    | Reached **** piety under Wu Jian
  8144 | Orc:2    | Noticed an orc knight
  8166 | Orc:2    | Killed an orc knight
  8167 | Orc:2    | Reached skill level 12 in Unarmed Combat
  8229 | Orc:2    | Found Geweqyoc's General Store.
  8261 | Orc:2    | Killed an orange demon
  8330 | Orc:2    | Reached XP level 11. HP: 52/101 MP: 10/10
  8407 | Orc:2    | Found Omneiv's Magic Scroll Shop.
  8445 | Orc:2    | Noticed a sixfirhy
  8469 | Orc:2    | Bought a +6 ring of strength for 612 gold pieces
  8475 | Orc:2    | Bought a scroll of identify for 34 gold pieces
  8843 | D:10     | Killed a two-headed ogre
  8865 | D:10     | Bought a scroll of blinking for 105 gold pieces
  9040 | D:10     | Reached skill level 13 in Unarmed Combat
  9141 | D:10     | Found a staircase to the Lair.
  9774 | D:11     | Noticed Harold
  9775 | D:11     | Noticed Maurice
  9775 | D:11     | Noticed a two-headed ogre
  9787 | D:11     | Killed Harold
  9792 | D:11     | Noticed Fannar
  9794 | D:11     | Killed a two-headed ogre
  9803 | D:11     | HP: 4/101 [cloud of poison gas (7)]
  9803 | D:11     | Succumbed to their own poison gas

Illustrated notes

Levels and vault maps discovered:
D:1:      dpeg_arrival_rhombus, layout_rooms
D:2:      layout_loops_ring, minmay_tromino_v4_a, uniq_terence, uniq_sigmund
D:3:      layout_basic
D:4:      layout_basic, mainiacjoe_overflow_tiny_flanked,
          mainiacjoe_overflow_big_doors, worldfamousw_hep_ancestral_shrine,
          minmay_temple_entry_drinking_statues, nicolae_ossuary_entry_ruins,
          minivault_26, nicolae_eternal_life
D:5:      layout_basic, good_gods_temple_1,
          nicolae_gozag_conspicuous_consumption, minmay_misc_feat_more_columns
D:6:      layout_gridville, minivault_10
D:7:      layout_basic
D:8:      layout_layer_cave, minmay_stone_trees_small, uniq_maggie
D:9:      layout_gridville, amcnicky_altar_gilded, orc_0_dummy, uniq_jeremiah
D:10:     layout_small_grid, minmay_lair_entry_grove, serial_shops,
          nicolae_shop_waterfront, serial_rivers,
          chequers_serial_rivers_large_b, chequers_serial_rivers_marsh,
          chequers_serial_rivers_micro_a, chequers_serial_rivers_room_b,
          chequers_serial_rivers_large_a, chequers_serial_rivers_small_b
D:11:     layout_rooms, uniq_maurice, uniq_fannar, uniq_harold
Temple:   hellmonk_temple_forest_ring
Orc:1:    layout_caves
Orc:2:    pf_orc_diabolical, layout_caves, nicolae_orc_stony_grotto,
          blackcustard_mines_bat_river, uniq_saint_roka

Skill      XL: |  1  2  3  4  5  6  7  8  9 10 11 |
---------------+----------------------------------+-----
Shields        | 3 4 5 6 7 |  7.6
Fighting       | 3 4 |  4.8
Dodging        | 3 4 5 6 |  6.9
Unarmed Combat | 3 4 5 6 8 10 12 13 | 13.5
Evocations     | 2 |  2.9

Action                     |  1- 3 |  4- 6 |  7- 9 | 10-12 || total
---------------------------+-------+-------+-------+-------++-------
  Melee: Unarmed           |    76 |   109 |   386 |   328 ||   899
 Invoke: Serpent's Lash    |       |       |       |     1 ||     1
Ability: Lunge             |       |       |    20 |    28 ||    48
         Whirlwind         |       |       |    12 |    14 ||    26
  Evoke: Tin of tremorston |       |       |       |     1 ||     1
    Use: Scroll            |       |       |     6 |     4 ||    10
         Potion            |       |       |       |     1 ||     1
   Stab: Sleeping          |       |       |       |     1 ||     1
 Armour: Robe              |    43 |    64 |   232 |   139 ||   478
         Skin              |       |       |       |     1 ||     1
  Dodge: Dodged            |    26 |    35 |   143 |    69 ||   273
  Block: Kite shield       |    28 |    46 |   179 |   193 ||   446
         Reflection        |       |       |     3 |     8 ||    11
